 Dungeon Crawl Stone Soup version 0.31-a0-543-geaa9c7a2c0 (webtiles) character file.

Game seed: 2779698116371525716

342 AdnanSaban the Covered (level 6, -1/38 HPs)
             Began as a Gargoyle Fighter on Aug 15, 2023.
             Slain by an orc wizard
             ... wielding a +2 dagger of draining
              (4 damage)
             ... on level 4 of the Dungeon.
             The game lasted 00:03:33 (3663 turns).

AdnanSaban the Covered (Gargoyle Fighter)           Turns: 3663, Time: 00:03:33

Health: -1/38      AC: 17    Str: 22    XL:     6   Next: 57%
Magic:  6/6        EV:  8    Int:  8    God:
Gold:   233        SH:  0    Dex:  9    Spells: 5/5 levels left

rFire   . . .        a - +0 flail
rCold   . . .        c - +0 buckler
rNeg    + . .        l - +0 chain mail
rPois   ∞            o - +2 helmet
rElec   +            (no cloak)
rCorr   .            (no gloves)
SInv    .            (no boots)
Will    .....        (no amulet) Stlth
                     (no ring)
HPRegen 0.26/turn    (no ring)
MPRegen 0.10/turn

%: no passive effects
@: confused
A: sickness immunity, AC +4, negative energy resistance 1, electricity
resistance, torment resistance 1, petrification resistance
a: no special abilities


You were on level 4 of the Dungeon.
You visited 1 branch of the dungeon, and saw 4 of its levels.

You collected 233 gold pieces.

Inventory:

Hand Weapons
 a - a +0 flail (weapon)
Missiles
 q - 3 poisoned darts (quivered)
Armour
 c - a +0 buckler (worn)
 l - a +0 chain mail (worn)
 o - a +2 helmet (worn)
Wands
 s - a wand of paralysis (7)
Scrolls
 b - 4 scrolls of identify {unknown}
 e - a scroll of fog {unknown}
 f - 2 scrolls of vulnerability {unknown}
 j - a scroll of torment {unknown}
 k - a scroll of revelation {unknown}
 m - 4 scrolls of teleportation {unknown}
Potions
 d - 3 potions of might
 g - 3 potions of heal wounds {unknown}
 h - a potion of lignification {unknown}
 i - 2 potions of brilliance {unknown}
 n - 3 potions of curing {unknown}
 p - a potion of ambrosia {unknown}
 r - a potion of attraction {unknown}
 t - a potion of magic {unknown}


   Skills:
 + Level 3.8 Fighting
 * Level 2.2(3.3) Axes
 + Level 4.1(4.5) Maces & Flails
 + Level 4.5 Armour
 + Level 1.4 Dodging
 + Level 3.9 Shields


You had 5 spell levels left.
You didn't know any spells.
Your spell library contained the following spells:

 Spells                   Type           Power      Damage    Failure   Level
 Apportation              Tloc           0%         N/A       97%         1
 Wereblood                Tmut           0%         N/A       99%         2
 Vhi's Electric Charge    Tloc/Air       0%         N/A       100%        3
 Alistair's Intoxication  Tmut/Pois      0%         N/A       100%        5
 Arcjolt                  Conj/Air       0%         1d10      100%        5
 Irradiate                Conj/Tmut      0%         3d11      100%        5
 Summon Forest            Summ/Tloc      0%         N/A       100%        5
 Eringya's Noxious Bog    Tmut/Pois      0%         4d6       100%        6
 Plasma Beam              Fire/Air       0%         2x1d10    100%        6
 Summon Hydra             Summ           0%         N/A       100%        7


Dungeon Overview and Level Annotations

Branches:
Dungeon (4/15)
 Temple: D:4-7

Altars:

Portals:
Abyss: D:4

Annotations:
D:3 1 runed translucent door, Crazy Yiuf
D:4 2 transporters, Seven7's ghost, amateur MiFi


Innate Abilities, Weirdness & Mutations

You are immune to sickness and miasma.
Your stone body is resilient. (AC +4)
You are immune to poison.
You resist negative energy. (rN+)
You are resistant to electric shocks. (rElec)
You are resistant to unholy torment.
You are immune to petrification.


Message History

You barely miss something. Something hits you but does no damage.
You closely miss something. Something hits you but does no damage.
You hear some strange, mumbled words.
A puff of flame appears from out of thin air!
The puff of flame hits you but does no damage.
You miss something.
You hear some strange, mumbled words.
You are confused.
Something hits you.
* * * LOW HITPOINT WARNING * * *
You miss something.
You hear some strange, mumbled words.
A puff of flame appears from out of thin air!
The puff of flame hits you but does no damage.
You're too confused to move!
You hear some strange, mumbled words.
A puff of flame appears from out of thin air!
The puff of flame misses you.
You miss something. Something hits you.
* * * LOW HITPOINT WARNING * * *
You miss something.
You feel less confused. The orc barely misses you.
You hear some strange, mumbled words.
You are confused.
You barely miss the orc.
The orc is moderately wounded.
The orc hits you but does no damage. Something hits you but does no damage.
You hit the orc.
You kill the orc!
An orc wizard appears from thin air!
Reactivating autopickup.
The orc wizard hits you with a +2 dagger of draining.
* * * LOW HITPOINT WARNING * * *
The orc wizard points at you and mumbles some strange words.
The magic dart hits you.
* * * LOW HITPOINT WARNING * * *
The orc wizard attacks as you move away!
The orc wizard hits you with a +2 dagger of draining.
You die...

#### #.. #########
#.#
#.......###.####.##
#.#####..@)........
####.o##)####.#.
#.....##.# #
#.##.###..
#.##.##.# ####
#.......# ####.####
##.##### #......#


You could see an orc wizard.

Vanquished Creatures
  Blork the orc (D:4)
  Jessica (D:3)
  2 iguanas (D:4)
  Robin (D:4)
  3 gnolls (D:3)
  2 worms
  4 dart slugs
  13 orcs
  8 bats
  5 endoplasms
  4 giant cockroaches
  19 goblins
  13 hobgoblins
  11 jackals
  6 quokkas
  9 ball pythons
  2 frilled lizards (D:1)
  8 kobolds
  5 rats
117 creatures vanquished.

Notes
Turn   | Place    | Note
-------+----------+-------------------------------------------
     0 | D:1      | AdnanSaban the Gargoyle Fighter began the quest for the
                  | Orb.
     0 | D:1      | Reached XP level 1. HP: 14/14 MP: 1/1
     4 | D:1      | Noticed an electric eel
    98 | D:1      | Reached XP level 2. HP: 8/19 MP: 2/2
   349 | D:1      | Found a faded altar of an unknown god.
   404 | D:1      | Reached skill level 1 in Axes
   420 | D:1      | Reached XP level 3. HP: 19/23 MP: 3/3
  1167 | D:2      | Reached XP level 4. HP: 23/28 MP: 4/4
  1742 | D:3      | Noticed Jessica
  1747 | D:3      | Killed Jessica
  1748 | D:3      | Reached XP level 5. HP: 30/33 MP: 5/5
  2146 | D:3      | Found a runed translucent door.
  2147 | D:3      | Noticed Crazy Yiuf
  2308 | D:4      | Noticed Blork the orc
  2310 | D:4      | Reached skill level 1 in Dodging
  3205 | D:4      | Noticed Robin
  3370 | D:4      | Killed Robin
  3371 | D:4      | Reached XP level 6. HP: 35/38 MP: 6/6
  3404 | D:4      | Killed Blork the orc
  3445 | D:4      | Noticed an ancient zyme
  3499 | D:4      | Found a transporter.
  3504 | D:4      | Found a transporter.
  3585 | D:4      | Found a one-way gate to the infinite horrors of the Abyss.
  3585 | D:4      | Noticed Seven7's ghost (amateur MiFi)
  3663 | D:4      | Slain by an orc wizard

Illustrated notes

Levels and vault maps discovered:
D:1:      arrival_aquarium_a, layout_loops_ring,
          shapermc_ecumenical_altar_mp_urbaneastern,
          hangedman_decor_peaks_small, roderic_serpentine_path, minmay_cupped
D:2:      layout_rooms
D:3:      layout_loops_ring, st_stairs_14, chequers_mini_garden,
          solitary_fountain, uniq_crazy_yiuf_cottage, uniq_jessica
D:4:      layout_loops_cross, gammafunk_ghost_abyssal_escape,
          chequers_serial_rivers_small_b, uniq_robin, uniq_blork_the_orc

Skill      XL: |  1  2  3  4  5  6 |
---------------+-------------------+-----
Axes           | 1 2 |  2.2
Maces & Flails | 3 4 |  4.1
Dodging        | 1 |  1.4
Armour         | 4 |  4.5
Fighting       | |  3.8
Shields        | |  3.9

Action                     |  1- 3 |  4- 6 || total
---------------------------+-------+-------++-------
  Melee: Flail             |   120 |   279 ||   399
  Throw: Dart              |       |     4 ||     4
 Armour: Scale mail        |    51 |       ||    51
         Chain mail        |    22 |   225 ||   247
  Dodge: Dodged            |    57 |   156 ||   213
  Block: Buckler           |    30 |    71 ||   101

Table legend: (Time is in decaauts)
 A = Elapsed time spent in this place.
 B = Non-inter-level travel time spent in this place.
 C = Inter-level travel time spent in this place.
 D = Time resting spent in this place.
 E = Time spent auto-exploring this place.
 F = Levels seen in this place.
 G = Mean time per level.
                   A        B        C        D        E       F      G
               +--------+--------+--------+--------+--------+-----+--------+
         Total |   3774 |   3541 |    233 |     85 |   2573 |   4 |  943.5 |
       Dungeon |   3774 |   3541 |    233 |     85 |   2573 |   4 |  943.5 |
               +--------+--------+--------+--------+--------+-----+--------+

Top non-repeatable levels by time:
     D:3: 1220 daAuts
     D:1: 1072 daAuts
     D:4: 1007 daAuts
     D:2: 473 daAuts
